 Dungeon Crawl Stone Soup version 0.27.1-34-g3ba077fa99 (webtiles) character file.

Game seed: 10752897557249199398

604 Doot the Conjurer (level 7, -16/51 HPs)
             Began as a Gnoll Conjurer on Jan 8, 2022.
             Was a Follower of Vehumet.
             Demolished by a red ugly thing (23 damage)
             ... on level 6 of the Dungeon.
             The game lasted 00:09:22 (5832 turns).

Doot the Conjurer (Gnoll Conjurer)                  Turns: 5832, Time: 00:09:22

Health: -16/51     AC:  4    Str:  6    XL:     7   Next: 42%
Magic:  3/15       EV: 13    Int: 19    God:    Vehumet [*.....]
Gold:   196        SH:  0    Dex: 11    Spells: 6/17 levels left

rFire    . . .     SeeInvis .   d - +0 scimitar
rCold    . . .     Faith    .   (no shield)
rNeg     . . .     Spirit   .   a - +0 robe
rPois    .         Reflect  .   w - +0 helmet
rElec    .         Harm     .   (no cloak)
rCorr    .         Rampage  .   s - +0 pair of gloves
Will     .....                  (no boots)
Stlth    +++.......             (no amulet)
HPRegen  0.17/turn              (no ring)
MPRegen  0.14/turn              (no ring)

@: no status effects
A: fangs 1, strong nose, distributed training
a: Renounce Religion


You were on level 6 of the Dungeon.
You worshipped Vehumet.
Vehumet was aware of your devotion.
You visited 2 branches of the dungeon, and saw 7 of its levels.
You also visited: Sewer.

You collected 196 gold pieces.

Inventory:

Hand Weapons
 b - a +0 dagger
 d - a +0 scimitar (weapon)
Armour
 a - a +0 robe (worn)
 s - a +0 pair of gloves (worn)
 w - a +0 helmet (worn)
Magical Staves
 A - a staff of cold
Wands
 k - a wand of mindburst (9)
 y - a wand of flame (16)
Scrolls
 c - 3 scrolls of identify {unknown}
 f - 2 scrolls of fog {unknown}
 g - a scroll of brand weapon {unknown}
 h - 2 scrolls of teleportation {unknown}
 m - a scroll of enchant armour {unknown}
 o - a scroll of blinking {unknown}
 q - a scroll of magic mapping {unknown}
 t - a scroll of vulnerability {unknown}
 x - a scroll of immolation {unknown}
 z - a scroll of amnesia {unknown}
Potions
 e - 2 potions of berserk rage {unknown}
 i - a potion of lignification {unknown}
 j - 2 potions of ambrosia {unknown}
 l - 2 potions of haste {unknown}
 n - a potion of heal wounds {unknown}
 p - 2 potions of magic {unknown}
 r - a potion of might {unknown}
 u - a potion of flight {unknown}
 v - a potion of brilliance {unknown}


   Skills:
 + Level 2.5 Fighting
 + Level 2.5 Short Blades
 + Level 2.5 Long Blades
 + Level 2.5 Axes
 + Level 2.5 Maces & Flails
 + Level 2.5 Polearms
 + Level 2.5 Staves
 + Level 2.5 Slings
 + Level 2.5 Bows
 + Level 2.5 Crossbows
 + Level 2.5 Throwing
 + Level 2.5 Armour
 + Level 5.2 Dodging
 + Level 4.9 Stealth
 + Level 2.5 Shields
 + Level 2.5 Unarmed Combat
 + Level 5.6 Spellcasting
 + Level 7.4 Conjurations
 + Level 2.0 Hexes
 + Level 2.0 Summonings
 + Level 2.0 Necromancy
 + Level 2.0 Translocations
 + Level 2.0 Transmutations
 + Level 2.0 Fire Magic
 + Level 2.0 Ice Magic
 + Level 2.0 Air Magic
 + Level 2.0 Earth Magic
 + Level 2.0 Poison Magic
 + Level 2.7 Invocations
 + Level 2.5 Evocations


You had 6 spell levels left.
You knew the following spells:

 Your Spells              Type           Power      Damage    Failure   Level
a - Magic Dart            Conj           100%       1d8       1%          1
b - Searing Ray           Conj           66%        3d5       1%          2
c - Iskenderun's Mystic   Conj/Tloc      23%        2d6       17%         4
d - Fulminant Prism       Conj/Hex       11%        3d9       17%         4

Your spell library contained the following spells:

 Spells                   Type           Power      Damage    Failure   Level
 Foxfire                  Conj/Fire      92%        2x1d8     1%          1
 Corona                   Hex            14%        N/A       4%          1
 Dazzling Flash           Conj/Hex       46%        N/A       4%          3
 Stone Arrow              Conj/Erth      46%        3d9       4%          3
 Ensorcelled Hibernation  Hex/Ice        26%        N/A       8%          2
 Slow                     Hex            13%        N/A       8%          2
 Sublimation of Blood     Necr           6%         N/A       8%          2
 Confusing Touch          Hex            13%        N/A       16%         3
 Tukima's Dance           Hex            13%        N/A       16%         3
 Irradiate                Conj/Tmut      11%        3d17      43%         5
 Petrify                  Tmut/Erth      13%        N/A       45%         4
 Bolt of Magma            Conj/Fire/Erth 9%         4d7       54%         5
 Yara's Violent Unravell  Hex/Tmut       6%         3d5       80%         5
 Shatter                  Erth           6%         3d9*      100%        9


Dungeon Overview and Level Annotations

Branches:
Dungeon (6/15)             Temple (1/1) D:4           Sewer (visited)

Altars:
Ashenzari
Elyvilon
Fedhas
Kikubaaqudgha
Okawaru
Ru
Sif Muna
Uskayaw
Vehumet
Xom
Zin


Innate Abilities, Weirdness & Mutations

You have very sharp teeth.
Your uncanny sense of smell can sniff out nearby items.
Your experience applies equally to all skills.


Message History

Unknown command.
A red ugly thing comes into view.
A red ugly thing is nearby!
Casting: Searing Ray (safe; 1% risk of failure)
Confirm with . or Enter, or press ? or * to list all spells.
Aiming: Searing Ray (safe; 1% risk of failure)
Press: ? - help, Shift-Dir - straight line, f - red ugly thing
Aim: a red ugly thing (81% to hit)
The searing ray hits the red ugly thing.
The red ugly thing is lightly wounded. (Press . to maintain the ray.) Unknown command.
The searing ray misses the red ugly thing.
The searing ray hits the red ugly thing!
The red ugly thing is lightly wounded.
The searing ray hits the red ugly thing!
The red ugly thing is moderately wounded.
You finish channeling your searing ray.
The red ugly thing stings you.
You are engulfed in flames!!
Casting: Searing Ray (safe; 1% risk of failure)
Confirm with . or Enter, or press ? or * to list all spells.
The spell is quite dangerous to cast (17% risk of failure)!
Continue anyway?
You erupt in a blast of force!
The mystic blast hits the red ugly thing.
The red ugly thing is moderately wounded.
The red ugly thing is knocked back by the mystic blast.
Unknown command.
Casting: Iskenderun's Mystic Blast (quite dangerous; 17% risk of failure)
Confirm with . or Enter, or press ? or * to list all spells.
The spell is quite dangerous to cast (17% risk of failure)!
Continue anyway?
You erupt in a blast of force!
The mystic blast hits the red ugly thing but does no damage.
The red ugly thing is moderately wounded.
The red ugly thing stings you.
You are engulfed in flames!
* * * LOW HITPOINT WARNING * * *
Unknown command.
The red ugly thing stings you.
* * * LOW HITPOINT WARNING * * *
You are engulfed in flames!!
You die...

### #.# #..
#.# #.# #
#.#
#.#####.#
#.....u.##.#
####<@.....#
#########


You could see a red ugly thing.

Vanquished Creatures
  An ogre (D:5)
  A bullfrog skeleton (D:4)
  A centaur zombie (D:5)
  3 orc priests (D:3)
  Jessica (D:3)
  2 iguanas
  4 orc wizards
  A hound zombie (D:5)
  A hound skeleton (D:5)
  6 adders
  An ufetubus (D:5)
  3 worms (D:2)
  3 dart slugs
  7 orcs
  A bat (D:3)
  8 endoplasms
  4 giant cockroaches
  8 goblins
  4 hobgoblins
  9 jackals (Sewer)
  14 kobolds
  A quokka (D:3)
  5 ball pythons
  8 frilled lizards
  4 rats
101 creatures vanquished.

Vanquished Creatures (others)
  A fulminant prism (D:5)
  15 plants (Sewer)
16 creatures vanquished.

Grand Total: 117 creatures vanquished

Notes
Turn   | Place    | Note
-------+----------+-------------------------------------------
     0 | D:1      | Doot the Gnoll Conjurer began the quest for the Orb.
     0 | D:1      | Reached XP level 1. HP: 13/13 MP: 6/6
   144 | D:1      | Found a faded altar of an unknown god.
   402 | D:1      | Reached XP level 2. HP: 19/19 MP: 4/7
   467 | D:1      | Learned a level 2 spell: Searing Ray
  1037 | D:2      | Reached skill level 5 in Spellcasting
  1037 | D:2      | Reached XP level 3. HP: 21/25 MP: 1/9
  1226 | D:2      | Reached skill level 1 in Invocations
  1315 | D:2      | Found a shimmering altar of Xom.
  1483 | D:2      | Reached skill level 1 in Fighting
  1483 | D:2      | Reached skill level 1 in Short Blades
  1483 | D:2      | Reached skill level 1 in Long Blades
  1483 | D:2      | Reached skill level 1 in Axes
  1483 | D:2      | Reached skill level 1 in Maces & Flails
  1483 | D:2      | Reached skill level 1 in Polearms
  1483 | D:2      | Reached skill level 1 in Staves
  1483 | D:2      | Reached skill level 1 in Slings
  1483 | D:2      | Reached skill level 1 in Bows
  1483 | D:2      | Reached skill level 1 in Crossbows
  1483 | D:2      | Reached skill level 1 in Throwing
  1483 | D:2      | Reached skill level 1 in Armour
  1483 | D:2      | Reached skill level 1 in Shields
  1483 | D:2      | Reached skill level 1 in Unarmed Combat
  1483 | D:2      | Reached skill level 1 in Evocations
  1720 | D:2      | Reached XP level 4. HP: 32/32 MP: 6/11
  2126 | D:3      | Noticed Jessica
  2134 | D:3      | Killed Jessica
  2135 | D:3      | Reached skill level 1 in Hexes
  2135 | D:3      | Reached skill level 1 in Summonings
  2135 | D:3      | Reached skill level 1 in Necromancy
  2135 | D:3      | Reached skill level 1 in Translocations
  2135 | D:3      | Reached skill level 1 in Transmutations
  2135 | D:3      | Reached skill level 1 in Fire Magic
  2135 | D:3      | Reached skill level 1 in Ice Magic
  2135 | D:3      | Reached skill level 1 in Air Magic
  2135 | D:3      | Reached skill level 1 in Earth Magic
  2135 | D:3      | Reached skill level 1 in Poison Magic
  2244 | D:3      | Found a glowing drain.
  2253 | Sewer    | Entered a sewer
  2309 | Sewer    | Learned a level 4 spell: Iskenderun's Mystic Blast
  2389 | Sewer    | Reached XP level 5. HP: 37/37 MP: 3/12
  3986 | D:4      | Found a staircase to the Ecumenical Temple.
  3996 | Temple   | Entered the Ecumenical Temple
  4093 | Temple   | Became a worshipper of Vehumet
  4255 | D:4      | Found a hide-covered altar of Uskayaw.
  4344 | D:4      | Noticed a black bear
  4401 | D:3      | Reached XP level 6. HP: 36/44 MP: 5/13
  4503 | D:3      | Reached skill level 5 in Dodging
  4706 | D:3      | Found a broken altar of Ashenzari.
  4707 | D:3      | Found a blossoming altar of Fedhas.
  4898 | D:4      | Found an iron altar of Okawaru.
  5058 | D:3      | Learned a level 4 spell: Fulminant Prism
  5108 | D:5      | Entered Level 5 of the Dungeon
  5369 | D:5      | Reached XP level 7. HP: 50/50 MP: 8/15
  5555 | D:5      | Reached * piety under Vehumet
  5555 | D:5      | Offered knowledge of Foxfire by Vehumet.
  5823 | D:6      | Noticed a red ugly thing
  5832 | D:6      | Demolished by a red ugly thing

Illustrated notes

Levels and vault maps discovered:
D:1:      lemuel_arrival_behind_the_door_large, layout_basic,
          dilly_ecumenical_altar_fadedgnrine, kennysheep_small_spiral,
          minivault_24, chequers_serial_rivers_micro_c
D:2:      layout_loops_ring, basic_altar
D:3:      layout_basic, gammafunk_temple_overflow_statue, portal_sewer_entry_d,
          uniq_jessica
D:4:      layout_rooms, mainiacjoe_overflow_alcove_2,
          mainiacjoe_overflow_24_doors, minmay_temple_entry_tees
D:5:      layout_basic
D:6:      layout_basic, lemuel_tele_altar, serial_shops, shop,
          ebering_ghost_sewer_d, nicolae_water_bricks
Temple:   minmay_temple_curvy_loop

Skill      XL: |  1  2  3  4  5  6  7 |
---------------+----------------------+-----
Spellcasting   | 5 |  5.6
Invocations    | 1 2 |  2.7
Fighting       | 1 2 |  2.5
Short Blades   | 1 2 |  2.5
Long Blades    | 1 2 |  2.5
Axes           | 1 2 |  2.5
Maces & Flails | 1 2 |  2.5
Polearms       | 1 2 |  2.5
Staves         | 1 2 |  2.5
Slings         | 1 2 |  2.5
Bows           | 1 2 |  2.5
Crossbows      | 1 2 |  2.5
Throwing       | 1 2 |  2.5
Armour         | 1 2 |  2.5
Shields        | 1 2 |  2.5
Unarmed Combat | 1 2 |  2.5
Evocations     | 1 2 |  2.5
Hexes          | 1 2 |  2.0
Summonings     | 1 2 |  2.0
Necromancy     | 1 2 |  2.0
Translocations | 1 2 |  2.0
Transmutations | 1 2 |  2.0
Fire Magic     | 1 2 |  2.0
Ice Magic      | 1 2 |  2.0
Air Magic      | 1 2 |  2.0
Earth Magic    | 1 2 |  2.0
Poison Magic   | 1 2 |  2.0
Dodging        | 5 |  5.2
Stealth        | |  4.9
Conjurations   | |  7.4

Action                   |  1- 3 |  4- 6 |  7- 9 || total
-------------------------+-------+-------+-------++-------
Melee: Bite              |     1 |     3 |       ||     4
       Scimitar          |       |    13 |       ||    13
 Cast: Magic Dart        |    66 |   112 |     9 ||   187
       Searing Ray       |     1 |    10 |     4 ||    15
       Iskenderun's Myst |       |     1 |     2 ||     3
       Fulminant Prism   |       |       |     1 ||     1
Armor: Robe              |       |     3 |       ||     3
Dodge: Dodged            |     2 |    22 |     5 ||    29
       Rpst.: Scimitar   |     1 |    10 |     1 ||    12
